 Dungeon Crawl Stone Soup version 0.17-a0-1435-geafbe2f (webtiles) character file.

148 urechis the Twirler (level 5, 46/46 HPs)
             Began as a Minotaur Gladiator on June 26, 2015.
             Quit the game on level 3 of the Dungeon.
             The game lasted 00:02:20 (1739 turns).

urechis the Twirler (Minotaur Gladiator)            Turns: 1739, Time: 00:02:21

Health: 46/46      AC:  5    Str: 19    XL:     5   Next: 8%
Magic:  4/4        EV: 12    Int:  5    God:
Gold:   147        SH:  0    Dex: 12    Spells: 0 memorised, 4 levels left

rFire  . . .     SeeInvis .     a - +0 quarterstaff
rCold  . . .     Clarity  .     o - +0 ring mail
rNeg   . . .     SustAt   .     (no shield)
rPois  .         Gourm    .     c - +0 hat
rElec  .         Spirit   .     (no cloak)
rCorr  .         Warding  .     (no gloves)
rMut   .         Stasis   .     (no boots)
MR     .....                    (no amulet)
Stlth  +.........               (no ring)
                                (no ring)

@: not resistant to hostile enchantments, very unstealthy
A: retaliatory headbutt, horns 2
a: no special abilities


You were on level 3 of the Dungeon.
You were near starving.

You visited 1 branch of the dungeon, and saw 3 of its levels.

You collected 147 gold pieces.

Inventory:

Hand weapons
 a - a +0 quarterstaff (weapon)
Missiles
 e - 3 throwing nets (quivered)
Armour
 c - a +0 hat (worn)
 o - a +0 ring mail (worn)
Jewellery
 b - an uncursed amulet of regeneration {unknown}
Magical devices
 k - a wand of enslavement (17)
Scrolls
 f - 2 scrolls of remove curse {unknown}
 j - 2 scrolls of identify {unknown}
 l - 2 scrolls of blinking {unknown}
 p - a scroll of fear {unknown}
 r - a scroll of magic mapping {unknown}
Potions
 i - a potion of haste {unknown}
 n - a potion of degeneration {unknown}
 t - a potion of agility {unknown}
Books
 m - a book of Summonings

   Spells                             Type                      Level
   a - Recall                         Summoning/Translocation      3
   b - Aura of Abjuration             Summoning                    5
   c - Shadow Creatures               Summoning                    5
   d - Summon Demon                   Summoning                    5
   e - Summon Forest                  Summoning/Translocation      5
   f - Summon Mana Viper              Hexes/Summoning              5
Comestibles
 d - 3 bread rations
 g - a slice of pizza
 h - 2 beef jerkies
 s - a meat ration


   Skills:
 + Level 3.9 Fighting
 * Level 5.5 Staves
 - Level 2.0 Throwing
 + Level 4.1 Dodging


You had 4 spell levels left.
You didn't know any spells.

Dungeon Overview and Level Annotations

Branches:
Dungeon (3/15)

Altars:
Fedhas
Qazlal
Sif Muna


Innate Abilities, Weirdness & Mutations

You reflexively headbutt those who attack you in melee.
You have a pair of horns on your head.


Message History

A kobold is nearby!
The kobold throws a stone.
The stone barely misses you.
The kobold throws a stone.
The stone hits you.
You see here a stone.
The kobold barely misses you.
You miss the kobold. You headbutt the kobold.
You kill the kobold!
No target in view!
No target in view!
No target in view!
No target in view!
No target in view!
Things that are here:
a short sword; 3 stones A bat comes into view.
The bat hits you but does no damage. The bat closely misses you.
You hit the bat.
You kill the bat!
You are near starving!
Are you sure you want to abandon this character and quit the game? (Confirm with "yes".)

..................
###################.....
#..........#..#.........
#.########..............
#.# ##########..........
#.# ............#####.##
#.# #......##.#####.##
#.# #......##.##.....#
#.# #@........##.....#
#.# #.##########.....#
#.# #.# #.....# #.# #.#
#.....# #.# #.# #......
#####.# #.# #......
#.....# #.# #......
#.##### #.# ##..... #.#
#.# ########.....


There were no monsters in sight!

Vanquished Creatures
  The ghost of Terandir the Chiller, an average DEIE (D:3)
  4 adders (D:2)
  8 bats
  3 giant cockroaches
  6 goblins
  8 hobgoblins
  4 jackals
  5 kobolds
  2 giant newts (D:1)
  4 rats
45 creatures vanquished.

Notes
Turn   | Place    | Note
--------------------------------------------------------------
     0 | D:1      | urechis the Minotaur Gladiator began the quest for the Orb.
     0 | D:1      | Reached XP level 1. HP: 18/18 MP: 0/0
    67 | D:1      | You fall through a shaft!
   187 | D:2      | Found a stormy altar of Qazlal.
   192 | D:2      | Found a blossoming altar of Fedhas.
   212 | D:2      | Reached skill level 4 in Staves
   212 | D:2      | Reached XP level 2. HP: 23/25 MP: 1/1
   458 | D:2      | Reached XP level 3. HP: 29/31 MP: 2/2
   993 | D:2      | Found a deep blue altar of Sif Muna.
  1278 | D:3      | Reached XP level 4. HP: 38/38 MP: 3/3
  1444 | D:3      | Noticed Terandir's ghost (average DEIE)
  1449 | D:3      | Killed Terandir's ghost
  1449 | D:3      | Reached skill level 5 in Staves
  1449 | D:3      | Reached XP level 5. HP: 23/46 MP: 4/4
  1739 | D:3      | Quit the game

Vault maps used:
D:1:      minmay_arrival_stair_chambers, serial_park_tiny_pond
D:2:      grunt_temple_overflow_forces_of_nature, led_sif_pool, first_bread

Action                   |  1- 3 |  4- 6 || total
-------------------------+-------+-------++-------
Melee: Quarterstaff      |    56 |    20 ||    76
  Eat: Chunk             |       |     1 ||     1
